 Dungeon Crawl Stone Soup version 0.21-a0-368-g45f8505 (webtiles) character file.

207 Conn321 the Magician (level 5, -3/31 HPs)
             Began as an Octopode Wizard on Oct 15, 2017.
             Slain by a slave (7 damage)
             ... led by Pikel
             ... on level 4 of the Dungeon.
             The game lasted 00:13:23 (3297 turns).

Conn321 the Magician (Octopode Wizard)              Turns: 3297, Time: 00:13:24

Health: -3/31      AC:  1    Str: 12    XL:     5   Next: 85%
Magic:  0/11       EV: 13    Int: 21    God:
Gold:   65         SH:  2    Dex: 10    Spells: 1/12 levels left

rFire    . . .     SeeInvis .   m - +0 dagger
rCold    . . .     Gourm    .   (no shield)
rNeg     . . .     Faith    .   a - +0 hat
rPois    .         Spirit   .   e - +2 amulet of reflection
rElec    .         Reflect  +   l - +5 ring of strength
rCorr    .         Harm     .   (no ring)
MR       .....                  (no ring)
Stlth    +++.......             (no ring)
HPRegen  0.10/turn              (no ring)
MPRegen  0.12/turn              (no ring)
                                (no ring)
                                (no ring)

@: very slightly contaminated
A: almost no armour, stealthy swim, amphibious, 8 rings, constrict 8, camouflage
1, gelatinous body 1
a: no special abilities


You were on level 4 of the Dungeon.
You were not hungry.

You visited 1 branch of the dungeon, and saw 4 of its levels.

You collected 65 gold pieces.

Inventory:

Hand Weapons
 m - a +0 dagger (weapon)
Missiles
 p - 7 steel tomahawks (quivered)
Armour
 a - a +0 hat (worn)
Jewellery
 e - a +2 amulet of reflection (around mantle)
 l - a +5 ring of strength (left tentacle)
Scrolls
 f - a scroll of fog {unknown}
 g - a scroll of recharging {unknown}
 h - 2 scrolls of identify {unknown}
 i - 2 scrolls of random uselessness {unknown}
 n - 6 scrolls of teleportation {unknown}
 o - a scroll of remove curse {unknown}
 t - a scroll of blinking {unknown}
 v - a scroll of immolation {unknown}
Potions
 k - a potion of magic {unknown}
 q - a potion of curing {unknown}
 r - 2 potions of brilliance {unknown}
 s - a potion of ambrosia {unknown}
 u - a potion of lignification {unknown}
 x - a potion of resistance {unknown}
 z - a potion of heal wounds {unknown}
 A - a potion of berserk rage {unknown}
Books
 b - a book of Minor Magic

   Spells                             Type                      Level
   a - Magic Dart                     Conjuration                  1
   b - Blink                          Translocation                2
   c - Call Imp                       Summoning                    2
   d - Slow                           Hexes                        2
   e - Conjure Flame                  Conjuration/Fire             3
   f - Mephitic Cloud                 Conjuration/Poison/Air       3
Comestibles
 c - 2 bread rations
 d - a meat ration
 j - a royal jelly
 w - 3 chunks of flesh


   Skills:
 + Level 0.2 Fighting
 + Level 0.2 Short Blades
 + Level 0.1 Throwing
 + Level 2.9 Dodging
 + Level 4.0 Stealth
 - Level 0.2 Unarmed Combat
 + Level 4.3 Spellcasting
 + Level 2.5 Conjurations
 + Level 1.3 Summonings
 + Level 1.0 Translocations
 + Level 0.1 Fire Magic


You had one spell level left.
You knew the following spells:

 Your Spells              Type           Power        Failure   Level  Hunger
a - Magic Dart            Conj           ###.         4%          1    None
b - Blink                 Tloc           N/A          12%         2    #......
c - Conjure Flame         Conj/Fire      ##......     21%         3    ##.....
d - Call Imp              Summ           ##......     10%         2    #......
e - Mephitic Cloud        Conj/Pois/Air  #.......     24%         3    ##.....


Dungeon Overview and Level Annotations

Branches:
Dungeon (4/15)
 Temple: D:4-7

Altars:
Elyvilon
Hepliaklqana

Annotations:
D:4 Ijyb, Pikel


Innate Abilities, Weirdness & Mutations

You cannot wear most types of armour.
You are very stealthy in the water. (Stealth+)
You are amphibious.
You can wear up to eight rings at the same time.
You can use your tentacles to constrict eight enemies at once.
Your skin changes colour to match your surroundings (Stealth+).
Your rubbery body absorbs attacks. (AC +1, EV +1)


Message History

Okay, then.
Okay, then.
Ijyb shouts!
Ijyb drinks a potion.
Ijyb flickers and vanishes!
Deactivating autopickup; reactivate with Ctrl-A.
Something hits you.
You hear a zap.
Something tries to affect you, but you resist.
You see here 16 stones.
The slave hits you!
* * * LOW HITPOINT WARNING * * *
Casting: Mephitic Cloud
Confirm with . or Enter, or press ? or * to list all spells.
Aiming: Mephitic Cloud
Press: ? - help, Shift-Dir - straight line, f/p - slave
Aim: a slave, wearing an animal skin The ball explodes into a vile cloud!
The stinking cloud engulfs the slave.
The stinking cloud engulfs something.
The slave is engulfed in noxious fumes.
The slave hits you!
You die...

##...........
###..K.........
##....#(...[....
##
##....##.K.......
[###
##.K..###.§§......
...### ##....##
##§§......
##..[###..p.##
##.§......
####..)...##
##p........
####...##
#@.........
###......#
#....#......
##......#..#
#....###.....
#.....######
###### ##...
##....# ### #....#
##...# ##..# #..#


You could see a slave.

Vanquished Creatures
  2 slaves (D:4)
  A hound (D:2)
  Natasha (D:2)
  2 adders
  An ooze (D:2)
  3 worms
  3 dart slugs
  A leopard gecko (D:1)
  2 orcs
  9 bats
  3 giant cockroaches
  7 goblins
  5 hobgoblins
  4 jackals
  12 kobolds
  A quokka (D:2)
  9 frilled lizards
  11 rats
77 creatures vanquished.

Vanquished Creatures (collateral kills)
  Natasha (twice) (D:2)
  An adder (D:2)
  A worm (D:2)
  A bat (D:2)
5 creatures vanquished.

Grand Total: 82 creatures vanquished

Notes
Turn   | Place    | Note
-------+----------+-------------------------------------------
     0 | D:1      | Conn321 the Octopode Wizard began the quest for the Orb.
     0 | D:1      | Reached XP level 1. HP: 11/11 MP: 4/4
   149 | D:1      | Reached XP level 2. HP: 3/17 MP: 0/6
   665 | D:1      | Reached XP level 3. HP: 20/21 MP: 0/7
   818 | D:1      | Learned a level 2 spell: Blink
   822 | D:1      | Learned a level 3 spell: Conjure Flame
   825 | D:1      | Learned a level 2 spell: Call Imp
  1059 | D:2      | Reached XP level 4. HP: 21/27 MP: 1/9
  1089 | D:2      | Noticed Natasha
  1186 | D:2      | Killed Natasha
  1339 | D:2      | Noticed Natasha
  1454 | D:2      | Killed Natasha
  1454 | D:2      | Reached XP level 5. HP: 21/31 MP: 6/11
  1472 | D:2      | Noticed Natasha
  2280 | D:2      | Killed Natasha
  2344 | D:2      | Learned a level 3 spell: Mephitic Cloud
  2481 | D:3      | Found a hazy altar of Hepliaklqana.
  2673 | D:3      | Found a white marble altar of Elyvilon.
  3036 | D:4      | Noticed a slave
  3037 | D:4      | Noticed a slave
  3037 | D:4      | Noticed Ijyb
  3039 | D:4      | Noticed Pikel
  3039 | D:4      | Noticed a slave
  3040 | D:4      | Noticed a slave
  3132 | D:4      | Killed a slave
  3279 | D:4      | Killed a slave
  3297 | D:4      | Slain by a slave

Vault maps used:
D:1:      minmay_arrival_four_houses, minmay_lizard_king
D:2:      uniq_natasha
D:3:      lemuel_round_altar, overflow_temple_1_default
D:4:      cheibrodos_helix_gallery, ashenzari_altar_1, serial_shops,
          nicolae_shop_overgrown_old_shop, minivault_26, uniq_pikel, uniq_ijyb,
          uniq_crazy_yiuf_cottage, uniq_blork_the_orc

Skill      XL: |  1  2  3  4  5 |
---------------+----------------+-----
Stealth        | 3 4 |  4.0
Spellcasting   | 4 |  4.3
Conjurations   | 2 |  2.5
Fighting       | |  0.2
Short Blades   | |  0.2
Throwing       | |  0.1
Dodging        | |  2.9
Unarmed Combat | |  0.2
Summonings     | |  1.3
Translocations | |  1.0
Fire Magic     | |  0.1

Action                   |  1- 3 |  4- 6 || total
-------------------------+-------+-------++-------
Melee: Unarmed           |    48 |       ||    48
       Constrict         |    15 |    18 ||    33
       Tentacles         |    13 |     9 ||    22
       Dagger            |    14 |    49 ||    63
Throw: Tomahawk          |     2 |       ||     2
 Cast: Magic Dart        |    39 |    59 ||    98
       Conjure Flame     |     1 |     2 ||     3
       Call Imp          |       |    10 ||    10
       Mephitic Cloud    |       |     5 ||     5
       Blink             |       |     1 ||     1
 Stab: Sleeping          |     2 |     7 ||     9
       Confused          |       |     1 ||     1
  Eat: Chunk             |       |     8 ||     8
Armor: Skin              |     8 |    17 ||    25
Dodge: Dodged            |    44 |    67 ||   111
Block: Other             |     8 |     6 ||    14

Table legend:
 A = Spawn XP
 B = Non-spawn XP
 C = Spawn XP percentage of total XP
 D = Spawn monster count
 E = Non-spawn monster count
 F = Spawn count percentage of total count
 G = Total turns spent on level
                    A         B        C        D         E        F      G
               +---------+---------+-------+---------+---------+-------+---------
         Total |       0 |     297 |   0.0 |       0 |      80 |   0.0 |  3297
               +---------+---------+-------+---------+---------+-------+---------
           D:1 |       0 |      51 |   0.0 |       0 |      32 |   0.0 |   979
           D:2 |       0 |     200 |   0.0 |       0 |      30 |   0.0 |  1384
           D:3 |       0 |      40 |   0.0 |       0 |      16 |   0.0 |   625
           D:4 |       0 |       6 |   0.0 |       0 |       2 |   0.0 |   309
               +---------+---------+-------+---------+---------+-------+---------
